 Dungeon Sprint DCSS version 0.21-a0-417-g0adc95b (webtiles) character file.

1134 Kidiri the Grappler (level 8, -4/75 HPs)
             Began as a Red Draconian Transmuter on Nov 3, 2017.
             Was a Follower of Wu Jian.
             Slain by a deep troll (27 damage)
             ... in the Dungeon (Sprint I: "Red Sonja").
             The game lasted 00:04:02 (1016 turns).

Kidiri the Grappler (Red Draconian Transmuter)      Turns: 1016, Time: 00:04:03

Health: -4/75      AC:  6    Str: 13    XL:     8   Next: 14%
Magic:  12/16      EV: 14    Int: 15    God:    Wu Jian [*.....]
Gold:   532        SH:  0    Dex: 12    Spells: 2/17 levels left

rFire    + . .     SeeInvis .     - Unarmed
rCold    . . .     Gourm    .   (shield currently unavailable)
rNeg     . . .     Faith    .   (armour unavailable)
rPois    .         Spirit   .   (helmet restricted)
rElec    .         Reflect  .   (no cloak)
rCorr    .         Harm     .   (gloves currently unavailable)
MR       .....     NoTele   +   (no boots)
Stlth    +++.......             (no amulet)
HPRegen  0.22/turn              (no ring)
MPRegen  0.15/turn              (no ring)

@: short of breath, blade hands (expiring), hasted, very quick
A: breathe fire, unfitting armour, fire resistance 1, cold-blooded, AC +6
a: Breathe Fire, End Transformation, Renounce Religion


You were in the Dungeon.
You worshipped Wu Jian.
Wu Jian was aware of your devotion.
You were very hungry.
You had blades for hands.
You visited 1 branch You collected 532 gold pieces.

Inventory:

Hand Weapons
 l - a +0 club
 n - a cursed +0 giant club
 o - a +0 scythe
 r - a +0 blowgun
 s - a +1 dagger of draining
Missiles
 a - 10 arrows
 t - 8 curare-tipped needles
Armour
 m - a +0 ring mail
 p - a +0 robe
Wands
 j - a wand of polymorph (14/24)
Scrolls
 i - a scroll of blinking
 q - a scroll of fog {unknown}
Potions
 d - 2 potions of curing
 g - 2 potions of magic
 h - a potion of berserk rage
Books
 b - a book of Changes

   Spells                             Type                      Level
   a - Beastly Appendage              Transmutation                1
   b - Sticks to Snakes               Transmutation                2
   c - Spider Form                    Transmutation/Poison         3
   d - Ice Form                       Ice/Transmutation            4
   e - Blade Hands                    Transmutation                5
Comestibles
 c - a bread ration


   Skills:
 * Level 8.5 Fighting
 + Level 5.2 Dodging
 + Level 5.2 Stealth
 * Level 8.5 Unarmed Combat
 + Level 5.3 Spellcasting
 * Level 8.1 Transmutations
 + Level 2.9 Ice Magic
 + Level 4.5 Poison Magic
 + Level 3.5 Evocations


You had 2 spell levels left.
You knew the following spells:

 Your Spells              Type           Power        Failure   Level  Hunger
a - Beastly Appendage     Tmut           ####..       12%         1    None
b - Sticks to Snakes      Tmut           ####....     14%         2    #......
c - Spider Form           Tmut/Pois      ###.......   28%         3    ###....
d - Ice Form              Ice/Tmut       ###.....     56%         4    ####...
e - Blade Hands           Tmut           ####......   56%         5    ######.


Dungeon Overview and Level Annotations

Branches:
Dungeon (1/1)

Altars:
Cheibriados
Dithmenos
Elyvilon
Fedhas
Gozag
Hepliaklqana
Kikubaaqudgha
Makhleb
Nemelex Xobeh
Okawaru
Qazlal
Ru
Sif Muna
Trog
Uskayaw
Vehumet
Wu Jian
Xom
Yredelemnul
Zin
The Shining One
Jiyva
Lugonu

Shops:
D =(

Annotations:
D exclusion: 5 doors


Innate Abilities, Weirdness & Mutations

You can breathe blasts of fire.
Your fiery red scales are hard. (AC +6)
You cannot fit into any form of body armour.
Your flesh is heat resistant. (rF+)
You are cold-blooded and may be slowed by cold attacks.


Message History

The deep troll claws you but does no damage.
Unknown command.
Press: ? - help, Shift-Dir - straight line, f - deep troll
Aim: a deep troll You breathe a blast of fire.
The fiery breath hits the deep troll.
The deep troll is lightly wounded.
You feel somewhat more hungry. The deep troll bites you!!
The deep troll claws you. The deep troll claws you!
* * * LOW HITPOINT WARNING * * *
Unknown command.
Unknown command.
There is an open door here.
You feel much better. The deep troll closely misses you.
The deep troll claws you! The deep troll claws you.
* * * LOW HITPOINT WARNING * * *
Unknown command.
You feel yourself speed up.
Your transformation is almost over.
The deep troll bites you!!
You die...

#..#####+#####'#__####
#..####..#...#.####
#..#__####..##.#
#..#_____##+#_.+
#⌠⌠#_.∩...+..._#
####_..__##_.#+#
#_____###'#.#
############.####+###
#∩........+...@T$.$§+
###++++####...#######
##.## #+#


You could see a deep troll.

Vanquished Creatures
  Sonja (D)
  A slime creature (D)
  Sigmund (D)
  A yak (D)
  A jelly (D)
  Ijyb (D)
6 creatures vanquished.

Vanquished Creatures (collateral kills)
  An ogre (D)
1 creature vanquished.

Vanquished Creatures (others)
  A gargoyle (D)
  2 hornets (D)
3 creatures vanquished.

Grand Total: 10 creatures vanquished

Notes
Turn   | Place    | Note
-------+----------+-------------------------------------------
     0 | D        | Kidiri the Draconian Transmuter began the quest for the Orb.
     0 | D        | Reached XP level 1. HP: 16/16 MP: 3/3
     3 | D        | Noticed Ijyb
    21 | D        | Killed Ijyb
    21 | D        | Reached skill level 1 in Stealth
    21 | D        | Reached XP level 2. HP: 24/26 MP: 3/5
    25 | D        | Learned a level 2 spell: Sticks to Snakes
   146 | D        | Noticed an ogre
   154 | D        | Killed an ogre
   154 | D        | Reached XP level 3. HP: 21/33 MP: 0/7
   154 | D        | Reached XP level 4. HP: 26/40 MP: 0/8
   174 | D        | Learned a level 3 spell: Spider Form
   264 | D        | Noticed Sigmund
   270 | D        | Killed Sigmund
   270 | D        | Reached skill level 5 in Fighting
   270 | D        | Reached skill level 5 in Transmutations
   270 | D        | Reached XP level 5. HP: 50/50 MP: 6/10
   291 | D        | Learned a level 4 spell: Ice Form
   306 | D        | Found an ornate altar of the Wu Jian Council.
   306 | D        | Found a deep blue altar of Sif Muna.
   308 | D        | Found a radiant altar of Vehumet.
   316 | D        | Became a worshipper of the Wu Jian Council
   460 | D        | Killed a hornet
   463 | D        | Found Nikokh's Antique Weapon Emporium.
   463 | D        | Found an ancient bone altar of Kikubaaqudgha.
   463 | D        | Found a hazy altar of Hepliaklqana.
   463 | D        | Found a stormy altar of Qazlal.
   463 | D        | Found a hide-covered altar of Uskayaw.
   463 | D        | Found a blossoming altar of Fedhas.
   463 | D        | Found a bloodstained altar of Trog.
   463 | D        | Found an iron altar of Okawaru.
   463 | D        | Found a basalt altar of Yredelemnul.
   463 | D        | Found a glowing golden altar of the Shining One.
   463 | D        | Found a snail-covered altar of Cheibriados.
   463 | D        | Found a sacrificial altar of Ru.
   463 | D        | Found a glowing silver altar of Zin.
   463 | D        | Found a shadowy altar of Dithmenos.
   463 | D        | Found a white marble altar of Elyvilon.
   463 | D        | Noticed a yak
   464 | D        | Found an opulent altar of Gozag.
   474 | D        | Killed a yak
   474 | D        | Reached skill level 1 in Ice Magic
   474 | D        | Reached skill level 1 in Evocations
   474 | D        | Reached XP level 6. HP: 23/58 MP: 9/12
   479 | D        | Found a sparkling altar of Nemelex Xobeh.
   629 | D        | Killed a gargoyle
   662 | D        | Noticed Sonja
   696 | D        | Killed Sonja
   696 | D        | Reached skill level 5 in Dodging
   696 | D        | Reached skill level 5 in Stealth
   696 | D        | Reached skill level 5 in Spellcasting
   696 | D        | Your scales start taking on a fiery red colour.
   696 | D        | Reached XP level 7. HP: 56/68 MP: 10/14
   696 | D        | Gained mutation: Your flesh is heat resistant. (rF+) [Red Draconian growth]
   711 | D        | Found Kely's Jewellery Boutique.
   714 | D        | Killed a hornet
   725 | D        | Learned a level 5 spell: Blade Hands
   766 | D        | Found a viscous altar of Jiyva.
   766 | D        | Found a corrupted altar of Lugonu.
   766 | D        | Noticed a slime creature
   767 | D        | Found a burning altar of Makhleb.
   767 | D        | Found a shimmering altar of Xom.
   784 | D        | Killed a slime creature
   784 | D        | Reached * piety under Wu Jian
   784 | D        | Reached XP level 8. HP: 28/75 MP: 13/16
  1009 | D        | Noticed a deep troll
  1016 | D        | Slain by a deep troll

Vault maps used:
D:        dungeon_sprint_1

Skill      XL: |  1  2  3  4  5  6  7 |
---------------+----------------------+-----
Fighting       | 3 4 5 6 8 |  8.5
Dodging        | 2 3 4 5 |  5.2
Stealth        | 1 2 3 4 5 |  5.2
Unarmed Combat | 4 6 8 |  8.5
Transmutations | 3 4 5 6 7 8 |  8.1
Spellcasting   | 3 4 5 |  5.3
Poison Magic   | 2 3 4 |  4.5
Ice Magic      | 1 2 |  2.9
Evocations     | 1 3 |  3.5

Action                   |  1- 3 |  4- 6 |  7- 9 || total
-------------------------+-------+-------+-------++-------
Melee: Unarmed           |    13 |    23 |    11 ||    47
       Kick              |     1 |       |       ||     1
 Cast: Beastly Appendage |     2 |       |       ||     2
       Sticks to Snakes  |     2 |       |       ||     2
       Spider Form       |       |     4 |     1 ||     5
       Blade Hands       |       |       |     1 ||     1
 Abil: Breathe Fire      |       |       |     1 ||     1
  Use: Potion            |       |       |     2 ||     2
 Stab: Sleeping          |       |     1 |       ||     1
Armor: Skin              |       |       |     2 ||     2
Dodge: Dodged            |     4 |    15 |    10 ||    29

Table legend:
 A = Spawn XP
 B = Non-spawn XP
 C = Spawn XP percentage of total XP
 D = Spawn monster count
 E = Non-spawn monster count
 F = Spawn count percentage of total count
 G = Total turns spent on level
                    A         B        C        D         E        F      G
               +---------+---------+-------+---------+---------+-------+---------
         Total |       0 |    1620 |   0.0 |       0 |       7 |   0.0 |  1016
               +---------+---------+-------+---------+---------+-------+---------
             D |       0 |    1620 |   0.0 |       0 |       7 |   0.0 |  1016
               +---------+---------+-------+---------+---------+-------+---------
